 Dungeon Crawl Stone Soup version 0.31.0-12-g77e489cdc1 (webtiles) character file.

Game seed: 7396196500267813910

52343 lordive the Fencer (level 14, -4/119 (121) HPs)
             Began as a Minotaur Monk on Mar 2, 2024.
             Was the Champion of Okawaru.
             Slain by a lorocyproca (25 damage)
             ... on level 2 of the Abyss.
             The game lasted 00:33:04 (17437 turns).

lordive the Fencer (Minotaur Monk)                 Turns: 17437, Time: 00:33:06

HP:   -4/119 (121)  AC: 19    Str: 22    XL:     14   Next: 26%
MP:   14/17         EV: 14    Int:  7    God:    Okawaru [******]
Gold: 1046          SH: 15    Dex: 19    Spells: 13/13 levels left

rFire   + . .        R - +6 demon blade of Symmetry {freeze, rF+ rN+ Str+3}
rCold   . . .        P - +5 kite shield "Heodasyc" {rElec Dex+6 Stlth+}
rNeg    + + .        V - +0 chain mail of Perfidy {rPois rN+ Will+ Regen+}
rPois   +            q - +0 hat {Will+}
rElec   +            J - +2 cloak {Will+}
rCorr   .            p - +0 pair of gloves
SInv    .            k - +0 pair of boots
Will    ++++.        G - amulet of regeneration Stlth
                     L - +4 ring of slaying
HPRegen 0.00/turn    r - +4 ring of protection
MPRegen 0.15/turn

%: random rage (9%)
@: on berserk cooldown, sick, slowed, lightly drained, very slow
A: horns 2, retaliatory headbutt, clumsy 1, [berserk 2], [deformed body], [frail
1], [screaming 1], [no potion heal 2], subdued magic 1[+2], [persistent drain]
a: Renounce Religion, Heroism, Finesse, Duel


You were on level 2 of the Abyss.
You worshipped Okawaru.
Okawaru was exalted by your worship.
You visited 3 branches of the dungeon, and saw 19 of its levels.
You visited the Abyss 1 time.
You also visited: Ossuary, Gauntlet and Ice Cave.

You collected 1046 gold pieces.

Inventory:

Hand Weapons
 g - a +1 short sword of holy wrath
 Q - the +7 orcbow of Birchuwn {speed, ^Fragile rF+ Will+}
   (You took it off a minotaur in a Gauntlet)

   rF+:       It protects you from fire.
   Will+:     It increases your willpower.
   ^Fragile:  It will be destroyed if unequipped.
 R - the +6 demon blade of Symmetry (weapon) {freeze, rF+ rN+ Str+3}
   (Okawaru gifted it to you on level 4 of the Lair of Beasts)

   Str+3:     It affects your strength (+3).
   rF+:       It protects you from fire.
   rN+:       It protects you from negative energy.
Missiles
 W - 11 javelins (quivered)
Armour
 k - a +0 pair of boots (worn)
 p - a +0 pair of gloves (worn)
 q - a +0 hat of willpower (worn)
 E - a +2 ring mail of willpower
 J - a +2 cloak of willpower (worn)
 O - +0 acid dragon scales
 P - the +5 kite shield "Heodasyc" (worn) {rElec Dex+6 Stlth+}
   (Okawaru gifted it to you on level 4 of the Lair of Beasts)

   Dex+6:     It affects your dexterity (+6).
   rElec:     It insulates you from electricity.
   Stlth+:    It makes you more stealthy.
 V - the +0 chain mail of Perfidy (worn) {rPois rN+ Will+ Regen+}
   (You found it in a Gauntlet)

   rPois:     It protects you from poison rN+: It protects you from negative
   energy.
   Will+:     It increases your willpower.
   Regen+:    It increases your rate of health regeneration.
Jewellery
 o - a ring of protection from fire
 r - a +4 ring of protection (right hand)
 t - a ring of magical power
 G - an amulet of regeneration (around neck)
 L - a +4 ring of slaying (left hand)
Talismans
 X - a maw talisman
Wands
 s - a wand of mindburst (14)
 v - a wand of light (28)
 M - a wand of polymorph (15)
 T - a wand of paralysis (8)
 Z - a wand of iceblast (3)
Scrolls
 b - 9 scrolls of teleportation
 d - a scroll of torment {unknown}
 e - 2 scrolls of fear
 f - 5 scrolls of vulnerability
 l - a scroll of butterflies {unknown}
 w - a scroll of silence {unknown}
 y - 5 scrolls of revelation {unknown}
 z - 4 scrolls of enchant armour {unknown}
 A - 2 scrolls of fog {unknown}
 C - 5 scrolls of poison {unknown}
 D - a scroll of brand weapon {unknown}
 H - 4 scrolls of amnesia {unknown}
 K - 4 scrolls of immolation {unknown}
 N - 5 scrolls of identify
Potions
 a - 2 potions of berserk rage
 c - 2 potions of ambrosia
 h - 3 potions of brilliance
 i - 5 potions of lignification
 j - 3 potions of attraction
 m - 4 potions of mutation
 n - a potion of haste
 u - 3 potions of enlightenment
 x - 7 potions of heal wounds
 B - 7 potions of resistance
 F - a potion of invisibility
 I - 5 potions of curing
 S - 3 potions of cancellation
 U - a potion of might


   Skills:
 + Level 15.3 Fighting
 + Level 17.3 Long Blades
 * Level 12.6 Armour
 * Level 10.9 Dodging
 + Level 5.2 Shields
 * Level 6.5 Invocations
 * Level 2.8 Shapeshifting


You had 13 spell levels left.
You didn't know any spells.
Your spell library contained the following spells:

 Spells                   Type           Power      Damage    Failure   Level
 Kiss of Death            Conj/Necr      0%         2d5       98%         1
 Necrotise                Necr           0%         1d4       98%         1
 Lesser Beckoning         Tloc           0%         N/A       99%         2
 Static Discharge         Conj/Air       0%         3-3/arc   99%         2
 Fugue of the Fallen      Necr           0%         N/A       100%        3
 Gell's Gravitas          Tloc           0%         N/A       100%        3
 Mephitic Cloud           Conj/Alch/Air  0%         N/A       100%        3
 Ozocubu's Armour         Ice            0%         N/A       100%        3
 Sigil of Binding         Hex            0%         N/A       100%        3
 Teleport Other           Tloc           0%         N/A       100%        3
 Vampiric Draining        Necr           0%         2d6       100%        3
 Volatile Blastmotes      Fire/Tloc      0%         2d10      100%        3
 Airstrike                Air            0%         2d(0-16)  100%        4
 Anguish                  Hex/Necr       0%         N/A       100%        4
 Cause Fear               Hex            0%         N/A       100%        4
 Dimensional Bullseye     Hex/Tloc       0%         N/A       100%        4
 Fulminant Prism          Conj/Alch      0%         3d5       100%        4
 Iskenderun's Mystic Bla  Conj/Tloc      0%         2d3       100%        4
 Manifold Assault         Tloc           0%         N/A       100%        4
 Passage of Golubria      Tloc           0%         N/A       100%        4
 Vhi's Electric Charge    Tloc/Air       0%         N/A       100%        4
 Arcjolt                  Conj/Air       0%         1d10      100%        5
 Curse of Agony           Necr           0%         N/A       100%        5
 Silence                  Hex/Air        0%         N/A       100%        5
 Enfeeble                 Hex            0%         N/A       100%        7
 Lehudib's Crystal Spear  Conj/Erth      0%         10d2      100%        8
 Maxwell's Capacitive Co  Air            0%         ∞         100%        8
 Chain Lightning          Conj/Air       0%         N/A       100%        9
 Call Canine Familiar     Summ           Unusable   N/A       N/A         3
 Martyr's Knell           Necr/Summ      Unusable   N/A       N/A         4
 Summon Lightning Spire   Summ/Air       Unusable   N/A       N/A         4
 Summon Forest            Summ/Tloc      Unusable   N/A       N/A         5
 Summon Mana Viper        Hex/Summ       Unusable   N/A       N/A         5
 Summon Cactus Giant      Summ           Unusable   N/A       N/A         6

Dungeon Overview and Level Annotations

Branches:
Dungeon (13/15)            Temple (1/1) D:7            Lair (5/5) D:9
  Swamp (0/4) Lair:3       Spider (0/4) Lair:2        Slime (0/5) Lair:5
    Orc (0/2) D:11        Ossuary (visited)           IceCv (visited)
Gauntlet (visited)
 Vaults: D:13-14

Altars:
Ashenzari
Cheibriados
Dithmenos
Elyvilon
Fedhas
Gozag
Hepliaklqana
Kikubaaqudgha
Makhleb
Nemelex Xobeh
Okawaru
Qazlal
Ru
Sif Muna
Trog
Uskayaw
Vehumet
Wu Jian
Xom
Yredelemnul
Zin
The Shining One
Jiyva

Shops:
D:1 (   D:6 (   D:8 (   D:9 (   D:11 [

Portals:
Trove: D:11 (give +4 demon trident)

Annotations:
D:13 Sonja
Lair:3 1 exclusion


Innate Abilities, Weirdness & Mutations

You have a pair of horns on your head.
You reflexively headbutt those who attack you in melee.
You are clumsy. (Dex -2)
[You have an uncontrollable temper.]
[Armour fits poorly on your strangely shaped body.]
[You are frail. (-10% HP)]
[You occasionally shout uncontrollably at your foes.]
[Potions cannot restore your health.]
[Your spells are much easier to cast, but much less powerful.]
[Your health recovers twice as slowly from being drained.]


Message History

You furiously retaliate!
You headbutt the small abomination!
The wretched star pulses with an eldritch light!
Your system partially rejects the healing effects of potions.
Your system completely rejects the healing effects of potions.
You hit the small abomination. You freeze the small abomination.
Your headbutt misses the small abomination.
The small abomination is severely damaged.
The small abomination closely misses you.
You slice the small abomination!! You freeze the small abomination.
You destroy the small abomination!
Okawaru accepts your kill.
You slice the wretched star!! You freeze the wretched star.
The wretched star is heavily damaged.
You hit the wretched star but do no damage.
You headbutt the wretched star, but do no damage.
The wretched star is moderately damaged.
You barely miss the wretched star.
The wretched star is moderately damaged.
The wretched star glows turbulently.
The lance of force hits you!
You are knocked back by the lance of force.
You slam into the crystal wall!
A red film seems to cover your vision as you go berserk!
You feel yourself moving faster!
You feel mighty!
You slice the wretched star!! You freeze the wretched star.
The wretched star is severely damaged.
You slice the wretched star!! You freeze the wretched star.
You destroy the wretched star!
Okawaru accepts your kill.
You feel a strong urge to attack something.
You feel your anger nearly subside.
You are no longer berserk.
You are exhausted.
You feel yourself slow down.
You start resting.
Something hits you!!
* * * LOW HITPOINT WARNING * * *
You feel your power leaking away.
Deactivating autopickup; reactivate with Ctrl-A.
Something hits you!!
You die...

.# .# # .# ..
.# . . .# # .
.#.# . ##.
###..# ....##
#@.#
......##.#§.#
##.#...#.###
. ..#...###
..##...#.. #
.. #.##.## #
..#. ...#
..#. ...#.#
#. ####....#


There were no monsters in sight!

Vanquished Creatures
  A reaper (IceCv)
  A balrug (Abyss:2)
  A minotaur (Gauntlet)
  A green death (Gauntlet)
  Josephine (D:12)
  Snorg (D:12)
  A catoblepas (Lair:3)
  2 hydras
  5 death yaks
  A tengu warrior (D:13)
  7 two-headed ogres
  A thrashing horror (Abyss:2)
  A titan zombie (Abyss:2)
  2 wretched stars (Abyss:2)
  A pharaoh ant (Lair:2)
  2 ugly things (D:12)
  A cyclops (D:12)
  A manticore (D:12)
  Maurice (D:9)
  4 black mambas
  2 smoke demons (Abyss:2)
  2 ice statues (IceCv)
  7 cane toads
  A gargoyle (D:11)
  2 torpor snails
  A kobold demonologist (Abyss:2)
  2 rime drakes
  5 komodo dragons
  5 ice devils (IceCv)
  An anaconda simulacrum (IceCv)
  2 ancient zymes (Abyss:2)
  2 trolls
  A hellwing (Abyss:2)
  A polar bear (Lair:4)
  4 hornets
  5 dream sheep (Lair:4)
  11 blink frogs
  A raiju (Abyss:2)
  A shadow (D:12)
  2 small abominations (Abyss:2)
  A ynoxinul (Abyss:2)
  6 wyverns
  4 dire elephant simulacra (IceCv)
  7 wraiths
  4 fire bats (Abyss:2)
  33 yaks
  5 basilisks
  A neqoxec (Gauntlet)
  A redback (Lair:2)
  6 vampire mosquitoes
  Grum (D:9)
  3 chaos spawn (Gauntlet)
  3 harpy simulacra (IceCv)
  13 water moccasins
  2 hydra simulacra (IceCv)
  6 acid dragons
  2 ice beasts
  4 orc warriors
  A sky beast (D:7)
  3 black bears
  9 laughing skulls (Abyss:2)
  9 wolves
  2 ogres
  2 phantoms
  A kobold brigand (D:8)
  An elf zombie (Ossuary)
  4 scorpions
  17 bullfrogs
  A two-headed ogre simulacrum (D:11)
  14 wights
  9 killer bees (D:8)
  4 howler monkeys
  A quasit (Abyss:2)
  6 human zombies (Ossuary)
  3 jellies (D:5)
  Crazy Yiuf (D:6)
  4 bombardier beetles
  5 orc priests
  5 hounds
  2 sleepcaps
  4 iguanas
  11 orc wizards
  A polar bear simulacrum (IceCv)
  2 troll simulacra
  A spriggan simulacrum (D:11)
  A wolf simulacrum (IceCv)
  2 crocodile zombies (Ossuary)
  2 spectral hounds (Ossuary)
  A scorpion simulacrum (Ossuary)
  3 mummies (Ossuary)
  7 adders
  2 naga simulacra (D:11)
  2 hound simulacra (Ossuary)
  2 shadow imps
  4 white imps
  An ufetubus (IceCv)
  A spectral adder (Ossuary)
  A spectral gnoll (Ossuary)
  2 dart slugs
  33 orcs
  2 bats (D:3)
  5 endoplasms
  8 giant cockroaches
  11 goblins
  9 hobgoblins
  2 quokkas (D:3)
  10 ball pythons
  A frilled lizard (D:3)
  3 gnoll simulacra (Ossuary)
  3 gnoll zombies (Ossuary)
  A goblin zombie (D:5)
  4 jackal simulacra (Ossuary)
  14 kobolds
  6 kobold zombies (Ossuary)
  7 orc zombies (Ossuary)
  23 rats
  A rat zombie (D:5)
  5 spectral jackals (Ossuary)
498 creatures vanquished.

Notes
Turn   | Place    | Note
-------+----------+-------------------------------------------
     0 | D:1      | lordive the Minotaur Monk began the quest for the Orb.
     0 | D:1      | Reached XP level 1. HP: 19/19 MP: 0/0
   160 | D:1      | Reached XP level 2. HP: 26/27 MP: 1/1
   162 | D:1      | Reached skill level 4 in Long Blades
   754 | D:1      | Found Wagruic's Antique Weapon Emporium.
  1078 | D:2      | Reached XP level 3. HP: 33/33 MP: 2/2
  1939 | D:3      | Reached skill level 5 in Long Blades
  1939 | D:3      | Reached XP level 4. HP: 31/40 MP: 3/3
  1943 | D:3      | Reached skill level 1 in Armour
  2125 | D:3      | Reached XP level 5. HP: 46/46 MP: 4/4
  2253 | D:3      | Found a glowing golden altar of the Shining One.
  2765 | D:4      | Reached skill level 6 in Long Blades
  2901 | D:4      | Reached XP level 6. HP: 28/53 MP: 5/5
  3186 | D:4      | Found a white marble altar of Elyvilon.
  3334 | D:4      | Identified the +11 dagger of Burning Innocence {pain, MP+9
                  | Str+4}
  3366 | D:5      | Entered Level 5 of the Dungeon
  3572 | D:5      | Found a sand-covered staircase.
  3590 | Ossuary  | Entered an ossuary
  3660 | Ossuary  | Reached skill level 7 in Long Blades
  3787 | Ossuary  | Reached skill level 5 in Fighting
  3798 | Ossuary  | Reached XP level 7. HP: 61/61 MP: 6/6
  3927 | Ossuary  | Reached skill level 8 in Long Blades
  4103 | D:5      | Noticed a wyvern
  4112 | D:5      | Killed a wyvern
  4113 | D:5      | Reached skill level 5 in Dodging
  4113 | D:5      | Reached XP level 8. HP: 40/70 MP: 7/7
  4437 | D:5      | Reached skill level 9 in Long Blades
  4917 | D:5      | Reached skill level 5 in Armour
  5507 | D:6      | Reached skill level 10 in Long Blades
  5706 | D:6      | Reached XP level 9. HP: 79/79 MP: 8/8
  5857 | D:6      | Found a blossoming altar of Fedhas.
  5894 | D:6      | Found a runed translucent door.
  5895 | D:6      | Noticed Crazy Yiuf
  5946 | D:6      | Found Zeaplazi's Antique Weapon Shoppe.
  5972 | D:6      | Found a burning altar of Makhleb.
  6381 | D:6      | Killed Crazy Yiuf
  6720 | D:7      | Reached skill level 11 in Long Blades
  6852 | D:7      | Found a staircase to the Ecumenical Temple.
  6894 | Temple   | Entered the Ecumenical Temple
  7295 | D:8      | Reached skill level 12 in Long Blades
  7380 | D:8      | Found a stormy altar of Qazlal.
  7382 | D:8      | Found an iron altar of Okawaru.
  7383 | D:8      | Found a shadowy altar of Dithmenos.
  7390 | D:8      | Found a hide-covered altar of Uskayaw.
  7391 | D:8      | Found a shimmering altar of Xom.
  7393 | D:8      | Found an ornate altar of the Wu Jian Council.
  7395 | D:8      | Found a radiant altar of Vehumet.
  7401 | D:8      | Found an opulent altar of Gozag.
  7414 | D:8      | Became a worshipper of Warmaster Okawaru
  7414 | D:8      | Reached * piety under Okawaru
  7414 | D:8      | Reached ** piety under Okawaru
  7423 | D:8      | Found an ancient bone altar of Kikubaaqudgha.
  7424 | D:8      | Found a broken altar of Ashenzari.
  7713 | D:8      | Reached XP level 10. HP: 90/90 MP: 9/9
  7882 | D:8      | Noticed a two-headed ogre
  7887 | D:8      | You fall into a shaft and drop 1 floor!
  7945 | D:8      | Killed a two-headed ogre
  7945 | D:8      | Reached *** piety under Okawaru
  7948 | D:8      | Reached skill level 13 in Long Blades
  8438 | D:8      | Found Qipidyx's Antique Weapon Boutique.
  8588 | D:9      | Noticed a two-headed ogre
  8598 | D:9      | Killed a two-headed ogre
  8604 | D:9      | Reached **** piety under Okawaru
  8855 | D:9      | Found Dargh's Weapon Shop.
  8883 | D:9      | Noticed Grum
  8895 | D:9      | Killed Grum
  8991 | D:9      | Reached skill level 10 in Fighting
  9092 | D:9      | Found a staircase to the Lair.
  9168 | D:9      | Noticed Maurice
  9177 | D:9      | Maurice stole a ring of protection from fire
  9179 | D:9      | Killed Maurice
  9180 | D:9      | Reached skill level 14 in Long Blades
  9373 | Lair:1   | Entered Level 1 of the Lair of Beasts
  9388 | Lair:1   | Reached ***** piety under Okawaru
  9389 | Lair:1   | Reached XP level 11. HP: 53/100 MP: 10/10
 10098 | Lair:1   | Received a gift from Okawaru
 10099 | Lair:1   | Reached skill level 15 in Long Blades
 10519 | Lair:1   | Found the +8 whip "Snakebite" {venom, curare, rPois}
 10769 | Lair:2   | You fall into a shaft and drop 2 floors!
 10798 | Lair:4   | Received a gift from Okawaru
 11124 | Lair:4   | Reached XP level 12. HP: 105/112 MP: 11/11
 11408 | Lair:4   | Noticed a death yak
 11408 | Lair:4   | Noticed a death yak
 11409 | Lair:4   | Noticed a death yak
 11461 | Lair:3   | Reached skill level 16 in Long Blades
 11477 | Lair:3   | Reached ****** piety under Okawaru
 11481 | Lair:3   | Reached skill level 1 in Invocations
 11608 | Lair:3   | Found a staircase to the Swamp.
 11610 | Lair:3   | Noticed a catoblepas
 11634 | Lair:3   | Killed a catoblepas
 11635 | Lair:3   | Reached skill level 10 in Armour
 11860 | Lair:3   | Found a gate leading to a gauntlet.
 11953 | Gauntlet | Entered a Gauntlet
 11953 | Gauntlet | Found a transporter.
 11953 | Gauntlet | Found a transporter.
 11953 | Gauntlet | Found a runed translucent door.
 11953 | Gauntlet | Found a runed translucent door.
 11965 | Gauntlet | Found a transporter.
 11983 | Gauntlet | Found a transporter.
 11983 | Gauntlet | Found a transporter.
 11985 | Gauntlet | Found a transporter.
 11985 | Gauntlet | Found a transporter.
 11987 | Gauntlet | Found a transporter.
 11987 | Gauntlet | Noticed a blizzard demon
 12004 | Gauntlet | Found a transporter.
 12015 | Gauntlet | Found a transporter.
 12024 | Gauntlet | Found a runed translucent gate.
 12025 | Gauntlet | Found a transporter.
 12025 | Gauntlet | Found a runed translucent gate.
 12026 | Gauntlet | Found a runed translucent gate.
 12028 | Gauntlet | Noticed a green death
 12039 | Gauntlet | Found a transporter.
 12073 | Gauntlet | Found a transporter.
 12073 | Gauntlet | Noticed a death scarab
 12085 | Gauntlet | Found a transporter.
 12132 | Gauntlet | Gained mutation: You have hidden genetic defects. [a
                  | neqoxec]
 12138 | Gauntlet | Identified the +0 chain mail of Perfidy {rPois rN+ Will+
                  | Regen+}
 12182 | Gauntlet | Received a gift from Okawaru
 12316 | Gauntlet | Killed a green death
 12371 | Gauntlet | Identified the +7 orcbow of Birchuwn {speed, ^Fragile rF+
                  | Will+}
 12371 | Gauntlet | Identified the +7 whip "Ciapsad" {freeze, *Slow rElec rF+
                  | Will+ Dex+3}
 12371 | Gauntlet | Noticed a minotaur
 12388 | Gauntlet | Killed a minotaur
 12400 | Gauntlet | Got the Textbook on the Gusty Dead
 12723 | Lair:3   | Found a burning altar of Makhleb.
 13130 | Lair:3   | Gained mutation: [Your spells are a little easier to cast,
                  | but a little less powerful.] [hidden defects]
 13368 | Lair:2   | Noticed a seven-headed hydra
 13377 | Lair:2   | Killed a 13-headed hydra
 13378 | Lair:2   | Reached skill level 10 in Dodging
 13378 | Lair:2   | Received a gift from Okawaru
 13686 | Lair:2   | Found a hole to the Spider Nest.
 13711 | Lair:2   | Gained mutation: You are clumsy. (Dex -2) [hidden defects]
 13711 | Lair:2   | Lost mutation: You have hidden genetic defects. [hidden
                  | defects expressed]
 14105 | Lair:3   | Killed a death yak
 14110 | Lair:3   | Killed a death yak
 14111 | Lair:3   | Reached XP level 13. HP: 87/123 MP: 15/15
 14145 | Lair:4   | Received a gift from Okawaru
 14493 | Lair:5   | Entered Level 5 of the Lair of Beasts
 14496 | Lair:5   | Found a viscous altar of Jiyva.
 14500 | Lair:5   | Found a staircase to the Slime Pits.
 14510 | Lair:4   | Acquired the +5 kite shield "Heodasyc" {rElec Dex+6 Stlth+}
 14510 | Lair:4   | Received a gift from Okawaru
 14516 | Lair:4   | Acquired the +6 demon blade of Symmetry {freeze, rF+ rN+
                  | Str+3}
 14516 | Lair:4   | Received a gift from Okawaru
 14643 | D:10     | Entered Level 10 of the Dungeon
 14741 | D:10     | Reached skill level 1 in Shields
 15323 | D:11     | Found a frozen archway.
 15352 | IceCv    | Entered an ice cave
 15371 | IceCv    | Reached skill level 5 in Invocations
 15516 | IceCv    | Received a gift from Okawaru
 15671 | IceCv    | Noticed a reaper
 15678 | IceCv    | Killed a reaper
 15679 | IceCv    | Reached skill level 1 in Shapeshifting
 15813 | D:11     | Found Ulucw's Armour Boutique.
 15815 | D:11     | Found a staircase to the Orcish Mines.
 16017 | D:11     | Received a gift from Okawaru
 16056 | D:11     | Found a portal to a secret trove of treasure.
 16433 | D:12     | Reached skill level 17 in Long Blades
 16525 | D:12     | Reached skill level 15 in Fighting
 16553 | D:12     | Noticed Josephine
 16559 | D:12     | Killed Josephine
 16565 | D:12     | Received a gift from Okawaru
 16607 | D:12     | Noticed Snorg
 16617 | D:12     | Killed Snorg
 16989 | D:12     | Reached XP level 14. HP: 135/135 MP: 17/17
 17161 | D:13     | Noticed Sonja
 17185 | Abyss:2  | Cast into level 2 of the Abyss (Sonja)
 17293 | Abyss:2  | Received a gift from Okawaru
 17326 | Abyss:2  | Noticed a balrug
 17332 | Abyss:2  | Killed a balrug
 17364 | Abyss:2  | Reached skill level 5 in Shields
 17437 | Abyss:2  | Slain by a lorocyproca

Illustrated notes

Levels and vault maps discovered:
D:1:      sevenhm_arrival_forest_fort_large_2, layout_loops_ring, serial_shops,
          shop
D:2:      minmay_chambers_of_twos, layout_basic
D:3:      layout_basic, mainiacjoe_overflow_brackets, dk_noncrumbling_3,
          minmay_rat_hole
D:4:      layout_cave_pools, elyvilon_altar_5
D:5:      layout_layer_cave, enter_ossuary_4
D:6:      layout_cave_pools, fedhas_altar_1, mainiacjoe_overflow_tiny_flanked,
          serial_shops, shop, minmay_misc_feat_encased,
          hangedman_abyss_or_decor_stagger, grunt_decor_junction,
          uniq_crazy_yiuf_cottage
D:7:      layout_rooms, minmay_temple_entry_glassed_door
D:8:      layout_layer_cave, nicolae_overflow_hallway_of_the_gods, serial_shops,
          nicolae_shop_pleasant_corner_grove, kennysheep_dice
D:9:      layout_loops_ring, lair_entry_dummy, kennysheep_small_square,
          uniq_maurice, uniq_grum
D:10:     layout_irregular_city
D:11:     layout_small_grid, orc_david_3, portal_ice_cave_entry_ice_simulacra,
          nicolae_trove_entry_free_sample, solitary_fountain
D:12:     layout_loops_ring, uniq_josephine, uniq_snorg
D:13:     nicolae_hitomezashi [nicolae_hito_row, nicolae_hito_row,
          nicolae_hito_row, nicolae_hito_row, nicolae_hito_row,
          nicolae_hito_row, nicolae_hito_row, nicolae_hito_row,
          nicolae_hito_row, nicolae_hito_row, nicolae_hito_row,
          nicolae_hito_row, nicolae_hito_row, nicolae_hito_row,
          nicolae_hito_row, nicolae_hito_row, nicolae_hito_row,
          nicolae_hito_row], layout_basic, special_room [special_room_orc],
          minivault_1, ldierk_geyser, uniq_sonja
Temple:   nicolae_temple_ecumenical_triangle
Lair:1:   minmay_guarded_unrand_snakebite, layout_regular_city,
          grunt_megastairs_1, infiniplex_staircase_pool_2
Lair:2:   layout_regular_city, nicolae_spider_entry_lesser_pyramids
Lair:3:   layout_gridlike, minmay_swamp_entry_eels, basic_altar,
          gauntlet_entry_generic, grunt_megastairs_2
Lair:4:   layout_small_grid, serial_rivers, chequers_serial_rivers_micro_c,
          chequers_serial_rivers_micro_b, chequers_serial_rivers_small_3,
          chequers_serial_rivers_marsh, small_statue_intersection
Lair:5:   minmay_lair_end_frog_pond, layout_long_grid, slime_entry_1,
          st_stairs_12
Abyss:2:  base: D:4, base:
D:12

Skill      XL: |  1  2  3  4  5  6  7  8  9 10 11 12 13 14 |
---------------+-------------------------------------------+-----
Long Blades    | 4 5 6 7 8 10 12 14 15 16 17 | 17.3
Fighting       | 4 5 7 8 10 12 13 15 | 15.3
Armour         | 1 2 3 4 6 7 8 9 11 12 | 12.6
Dodging        | 4 5 6 7 9 10 | 10.9
Invocations    | 4 6 |  6.5
Shields        | 3 5 |  5.2
Shapeshifting  | 2 |  2.8

Action                     |  1- 3 |  4- 6 |  7- 9 | 10-12 | 13-15 || total
---------------------------+-------+-------+-------+-------+-------++-------
  Melee: Falchion          |    85 |   155 |   326 |   430 |    33 ||  1029
         Headbutt          |    20 |    37 |    98 |   121 |   117 ||   393
         Demon blade       |       |       |       |       |   375 ||   375
 Invoke: Heroism           |       |       |       |       |     1 ||     1
         Receive Weapon    |       |       |       |       |     1 ||     1
         Receive Armour    |       |       |       |       |     1 ||     1
    Use: Scroll            |       |       |       |    18 |       ||    18
         Potion            |       |       |       |     3 |       ||     3
 Armour: Robe              |     8 |       |       |       |       ||     8
         Leather armour    |    23 |    22 |       |       |       ||    45
         Chain mail        |       |    66 |    80 |   108 |   206 ||   460
         Ring mail         |       |       |    88 |   152 |       ||   240
  Dodge: Dodged            |    63 |    81 |   166 |   231 |   128 ||   669
  Block: Kite shield       |       |       |       |       |   257 ||   257
